 Dungeon Crawl Stone Soup version 0.14-a0-1519-gc5e2f7f (webtiles) character file.

211 Mitsuki the Sneak (level 3, -1/21 HPs)
             Began as a Halfling Enchanter on Dec 16, 2013.
             Killed by divine providence
             ... invoked by an orc priest
              (9 damage)
             ... on Level 3 of the Dungeon.
             The game lasted 00:14:03 (1813 turns).

Mitsuki the Sneak (Halfling Enchanter)              Turns: 1813, Time: 00:14:03

HP  -1/21        AC  3     Str  6      XL: 3   Next: 82%
MP   1/5         EV 15     Int 15      God:
Gold 168         SH  9     Dex 16      Spells:  2 memorised,  2 levels left

rFire  . . .     SeeInvis .     a - +2 dagger
rCold  . . .     Clarity  .     b - +1 robe
rNeg   . . .     Conserve .     g - +0 buckler
rPois  .         rCorr    .     (no helmet)
rElec  .         rRot     .     (no cloak)
SustAb . .       Spirit   .     (no gloves)
rMut   .         Warding  .     (no boots)
Saprov . . .     Stasis   .     (no amulet)
                                (no ring)
                                (no ring)

@: not resistant to hostile enchantments, stealthy
A: mutation resistance 1, slow metabolism 1
a: no special abilities


You were on level 3 of the Dungeon.
You were not hungry.

You visited 1 branch of the dungeon, and saw 3 of its levels.

You collected 168 gold pieces.

Inventory:

Hand weapons
 a - a +2,+2 dagger (weapon)
Missiles
 d - 15 darts (quivered)
 h - 58 poisoned needles
Armour
 b - a +1 robe (worn)
 g - a +0 buckler (worn)
Comestibles
 f - 3 bread rations
Scrolls
 e - a scroll of amnesia
 i - a scroll of enchant weapon II
 k - a scroll of remove curse {unknown}
Jewellery
 n - an uncursed ring of ice {unknown}
 o - an uncursed ring of protection from magic {unknown}
Books
 c - a book of Maledictions

   Spells                             Type                      Level
   *Corona                            Hexes                        1
   Sure Blade                         Hexes/Charms                 2
   *Ensorcelled Hibernation           Hexes/Ice                    2
   Confuse                            Hexes                        3
   Enslavement                        Hexes                        4
   Invisibility                       Hexes                        6


   Skills:
 + Level 0.1 Fighting
 + Level 1.3 Short Blades
 + Level 2.2 Throwing
 + Level 3.0 Dodging
 + Level 3.4 Stealth
 + Level 1.8 Spellcasting
 + Level 3.0 Hexes


You had 2 spell levels left.
You knew the following spells:

 Your Spells              Type           Power        Failure   Level  Hunger
a - Ensorcelled Hibernat  Hex/Ice        #.....       28%         2    ###....
b - Corona                Hex            ##.....      12%         1    ##.....


Dungeon Overview and Level Annotations

Branches:
Dungeon (3/16)

Altars:
Kikubaaqudgha
Xom


Innate Abilities, Weirdness & Mutations

You are small and have problems with some larger weapons.
You are somewhat resistant to further mutation.
You have a slow metabolism.


Message History

Casting: Ensorcelled Hibernation
Confirm with . or Enter, or press ? or * to list all spells.
Aiming: Ensorcelled Hibernation
Press: ? - help, Shift-Dir - straight line, f - orc
Aim: an orc, wielding an orcish whip and wearing an orcish ring mail The orc struggles to resist.
The orc completely misses you.
Casting: Ensorcelled Hibernation
Confirm with . or Enter, or press ? or * to list all spells.
Aiming: Ensorcelled Hibernation
Press: ? - help, Shift-Dir - straight line, f/p - orc
Aim: an orc, wielding an orcish whip and wearing an orcish ring mail The orc looks drowsy...
The orc priest invokes the aid of Beogh against you.
Something smites you!
Ouch! That really hurt!
The orc wizard casts a spell.
The orc wizard seems to speed up.
The orc priest mumbles some strange prayers to Beogh against you.
Something smites you!
You die...

.+ .# ###########
.#........# +
...######.# ...
...# #.##### ....
...# #.....###
..!.. ...#
#.###...###o......
...# #.#
###<@.oo......
...# #.#
#####o...... ....
..# ##### #####
###


You could see an orc priest, an orc wizard and 2 orcs.

Vanquished Creatures
  3 ball pythons
  8 bats
  6 hobgoblins
  5 kobolds
  8 giant newts
  7 goblins
  7 rats
44 creatures vanquished.

Notes
Turn   | Place    | Note
--------------------------------------------------------------
     0 | D:1      | Mitsuki, the Halfling Enchanter, began the quest for the Orb.
     0 | D:1      | Reached XP level 1. HP: 11/11 MP: 2/2
   180 | D:1      | Found an ancient bone altar of Kikubaaqudgha.
   180 | D:1      | Found a shimmering altar of Xom.
   388 | D:1      | Reached skill level 3 in Stealth
   388 | D:1      | Reached XP level 2. HP: 17/17 MP: 3/3
   670 | D:1      | Learned a level 2 spell: Ensorcelled Hibernation
   700 | D:1      | Reached XP level 3. HP: 21/21 MP: 1/5
  1813 | D:3      | Killed from afar by an orc priest

Action                   || total
-------------------------++-------
Melee: Dagger            ||    66
Throw: Dart              ||    46
 Cast: Corona            ||     1
       Ensorcelled Hiber ||    10
  Use: Potion            ||     3
       Scroll            ||     6
 Stab: Sleeping          ||    15
